 Dungeon Crawl Stone Soup version 0.29-a0-25-g7f48f510a0 (webtiles) character file.

Game seed: 14992776529407431848

35 lunkers the Poker (level 3, -1/30 HPs)
             Began as a Merfolk Chaos Knight on Jan 31, 2022.
             Was a Plaything of Xom.
             Slain by a black mamba (shapeshifter) (5 damage)
             ... on level 2 of the Dungeon.
             The game lasted 00:01:04 (1219 turns).

lunkers the Poker (Merfolk Chaos Knight)            Turns: 1219, Time: 00:01:05

Health: -1/30      AC:  6    Str: 12    XL:     3   Next: 35%
Magic:  3/3        EV: 12    Int: 11    God:    Xom [..*...]
Gold:   56         SH:  0    Dex: 15    Spells: 2/2 levels left

rFire   . . .      SeeInvis .   a - +0 spear (chaos)
rCold   . . .      Faith    .   (no shield)
rNeg    . . .      Spirit   .   b - +2 leather armour
rPois   .          Reflect  .   (no helmet)
rElec   .          Harm     .   (no cloak)
rCorr   .          Rampage  .   (no gloves)
Will    .....                   e - +0 pair of boots
Stlth   +.........              (no amulet)
HPRegen 0.10/turn               (no ring)
MPRegen 0.08/turn               (no ring)

@: lethally poisoned (-1 -> -17)
A: (nimble swimmer 2), mertail
a: Renounce Religion


You were on level 2 of the Dungeon.
You worshipped Xom.
You were a toy of Xom.
You visited 1 branch of the dungeon, and saw 2 of its levels.

You collected 56 gold pieces.

Inventory:

Hand Weapons
 a - a +0 spear of chaos (weapon)
Armour
 b - a +2 leather armour (worn)
 e - a +0 pair of boots (worn)
Scrolls
 c - 2 scrolls of magic mapping {unknown}
 d - a scroll of blinking {unknown}
 f - a scroll of fog {unknown}
 g - 3 scrolls of enchant armour {unknown}
 j - a scroll of identify {unknown}
 k - a scroll of noise {unknown}
Potions
 h - a potion of heal wounds {unknown}
 i - a potion of berserk rage {unknown}


   Skills:
 + Level 3.8 Fighting
 * Level 5.8 Polearms
 - Level 0.6 Armour
 - Level 2.6 Dodging


You had 2 spell levels left.
You didn't know any spells.
Your spell library was empty.

Dungeon Overview and Level Annotations

Branches:
Dungeon (2/15)

Altars:


Innate Abilities, Weirdness & Mutations

((You are very nimble when in or above water. (Stealth+, EV+, Speed+++)))
Your lower body shifts to a powerful aquatic tail in water.


Message History

The black mamba bites you.
A black mamba is nearby!
You closely miss the black mamba.
The black mamba is lightly wounded.
The black mamba bites you.
A black mamba is nearby!
You hit the black mamba. You drain the black mamba.
The black mamba is moderately wounded.
Xom's power flows through you! The black mamba bites you.
The black mamba bites you but does no damage.
You hit the black mamba.
The black mamba is moderately wounded.
The black mamba closely misses you.
You hit the black mamba but do no damage.
The black mamba is moderately wounded.
The black mamba bites you but does no damage.
The black mamba bites you!
* * * LOW HITPOINT WARNING * * *
Reach: a) +0 spear (chaos)
Press: ? - help, Dir - move target, f/p - black mamba
Aim: a black mamba shaped shifter (moderately wounded, lightly drained, ally target, about 52% to evade your +0 spear of chaos)
You closely miss the black mamba.
The black mamba is moderately wounded.
The black mamba bites you but does no damage.
Your rat misses the black mamba.
Unknown command.
Unknown command.
Reach: a) +0 spear (chaos)
Press: ? - help, Dir - move target, f/p - black mamba
Aim: a black mamba shaped shifter (moderately wounded, lightly drained, ally target, about 52% to evade your +0 spear of chaos)
You barely miss the black mamba.
The black mamba is moderately wounded.
The black mamba bites you!
* * * LOW HITPOINT WARNING * * *
You are lethally poisoned!
The black mamba poisons you!
Your rat misses the black mamba. The black mamba bites you.
You die...
Xom thinks this is hilarious!

...................
###.#######.######.
###'#.......#
#........####
#........#
#........#
#........#
#........#
#.@r.....#
#.S......#
..)######## .....
..$.... .......
....>.. #.#####


You could see a black mamba shaped shifter (drained, ally target) and a friendly
rat (summoned).

Vanquished Creatures
  2 worms (D:2)
  A dart slug (D:2)
  3 ball pythons
  A bat (D:1)
  4 hobgoblins (D:1)
  2 quokkas (D:1)
  A frilled lizard (D:1)
  4 goblins
  5 kobolds
  3 rats
26 creatures vanquished.

Vanquished Creatures (others)
  A plant (D:1)
1 creature vanquished.

Grand Total: 27 creatures vanquished

Notes
Turn   | Place    | Note
-------+----------+-------------------------------------------
     0 | D:1      | lunkers the Merfolk Chaos Knight began the quest for the
                  | Orb.
     0 | D:1      | Reached XP level 1. HP: 18/18 MP: 1/1
    76 | D:1      | XOM: divination: detect creatures
   157 | D:1      | Found a faded altar of an unknown god.
   200 | D:1      | Reached skill level 5 in Polearms
   200 | D:1      | Reached XP level 2. HP: 24/24 MP: 2/2
   661 | D:2      | XOM: silly message
   674 | D:2      | Reached XP level 3. HP: 18/30 MP: 3/3
   890 | D:2      | XOM: divination: detect items
   932 | D:2      | XOM: divination: magic mapping
  1210 | D:2      | Noticed a shapeshifter
  1210 | D:2      | a kobold changed into a shapeshifter
  1210 | D:2      | Noticed a black mamba
  1210 | D:2      | a shapeshifter changed into a black mamba
  1215 | D:2      | XOM: cast spell 'Summon Small Mammal'
  1219 | D:2      | Slain by a black mamba (shapeshifter)

Illustrated notes

Levels and vault maps discovered:
D:1:      enne_arrival_octagon_isle, layout_basic,
          dilly_ecumenical_altar_fadedgnrine
D:2:      layout_basic, minmay_hexomino_c4

Skill      XL: |  1 |
---------------+----+-----
Polearms       | 5 |  5.8
Fighting       | |  3.8
Armour         | |  0.6
Dodging        | |  2.6

Action                   || total
-------------------------++-------
Melee: Spear             ||    99
       Punch             ||     1
Armor: Leather armour    ||    16
Dodge: Dodged            ||    27

Table legend: (Time is in decaauts)
 A = Elapsed time spent in this place.
 B = Non-inter-level travel time spent in this place.
 C = Inter-level travel time spent in this place.
 D = Time resting spent in this place.
 E = Time spent auto-exploring this place.
 F = Levels seen in this place.
 G = Mean time per level.
                   A        B        C        D        E       F      G
               +--------+--------+--------+--------+--------+-----+--------+
         Total |   1200 |   1183 |     17 |      0 |    973 |   2 |  600.0 |
       Dungeon |   1200 |   1183 |     17 |      0 |    973 |   2 |  600.0 |
               +--------+--------+--------+--------+--------+-----+--------+

Top non-repeatable levels by time:
     D:2: 610 daAuts
     D:1: 590 daAuts
